[ AOE2 MATCH · #468106929 ]
UnrankedFranks vs Maya
[ REPLAY ANALYSIS · EXTRACTED FROM THE RECORDED GAME ]
Feudal
—
Castle
—
Imperial
—
| APM avg | 19.6 |
| APM peak | 55 |
| eAPM avg | 5.8 |
| Villagers / military | 7 / 0 |
Focus
⚔️ 0.0% · 🌾 100.0%
Feudal
—
Castle
—
Imperial
—
| APM avg | 10.6 |
| APM peak | 26 |
| eAPM avg | 3.6 |
| Villagers / military | 6 / 0 |
Focus
⚔️ 0.0% · 🌾 100.0%
Feudal
—
Castle
—
Imperial
—
| APM avg | 13.2 |
| APM peak | 26 |
| eAPM avg | 4.8 |
| Villagers / military | 9 / 0 |
Focus
⚔️ 0.0% · 🌾 100.0%
Feudal
—
Castle
—
Imperial
—
| APM avg | 10.4 |
| APM peak | 25 |
| eAPM avg | 6.1 |
| Villagers / military | 7 / 0 |
Focus
⚔️ 8.7% · 🌾 91.3%
Feudal
—
Castle
—
Imperial
—
| APM avg | 18.0 |
| APM peak | 37 |
| eAPM avg | 6.7 |
| Villagers / military | 14 / 0 |
Focus
⚔️ 0.0% · 🌾 100.0%
Feudal
—
Castle
—
Imperial
—
| APM avg | 21.3 |
| APM peak | 29 |
| eAPM avg | 7.7 |
| Villagers / military | 11 / 0 |
Focus
⚔️ 0.0% · 🌾 100.0%
Feudal
—
Castle
—
Imperial
—
| APM avg | 7.7 |
| APM peak | 24 |
| eAPM avg | 6.0 |
| Villagers / military | 7 / 0 |
Focus
⚔️ 4.5% · 🌾 95.5%
Feudal
—
Castle
—
Imperial
—
| APM avg | 30.5 |
| APM peak | 39 |
| eAPM avg | 6.7 |
| Villagers / military | 20 / 0 |
Focus
⚔️ 0.0% · 🌾 100.0%
Match map
Initial resources + every placement click. Lines = walls · curves = elevation contours. ◆ gold · ⬟ stone · ● berries · ✦ relic · ◌ wall gap
Your base
Paus's base
Malefactor's base
haimw13's base
JONAM's base
raul_ruizv's base
Lethe's base
yasirurandeepa's base
Smoothed initial terrain · ◌ = detected wall gap · hover for details
Inputs per minute
— iodure - - Paus
Build order — iodure
10 actions detected in the replay
| 0:06 | Create | Villager (Male) |
| 0:06 | Create | Villager (Male) |
| 0:06 | Create | Villager (Male) |
| 0:07 | Create | Villager (Male) |
| 0:07 | Create | Villager (Male) |
| 0:13 | Build | House |
| 1:11 | Build | House |
| 1:58 | Build | Lumber Camp |
| 2:08 | Create | Villager (Male) |
| 2:08 | Create | Villager (Male) |
Build order — Paus
9 actions detected in the replay
| 0:02 | Create | Villager (Male) |
| 0:02 | Create | Villager (Male) |
| 0:03 | Build | House |
| 0:05 | Build | House |
| 0:20 | Create | Villager (Male) |
| 1:05 | Create | Villager (Male) |
| 1:35 | Create | Villager (Male) |
| 2:03 | Create | Villager (Male) |
| 2:15 | Build | House |
Build order — Malefactor
12 actions detected in the replay
| 0:04 | Create | Villager (Male) |
| 0:10 | Build | House |
| 0:14 | Build | House |
| 1:04 | Create | Villager (Male) |
| 1:49 | Create | Villager (Male) |
| 1:50 | Create | Villager (Male) |
| 2:46 | Build | Mill |
| 3:10 | Create | Villager (Male) |
| 3:22 | Create | Villager (Male) |
| 4:36 | Create | Villager (Male) |
| 4:55 | Create | Villager (Male) |
| 5:05 | Create | Villager (Male) |
Build order — haimw13
9 actions detected in the replay
| 0:01 | Create | Villager (Male) |
| 0:02 | Create | Villager (Male) |
| 0:04 | Build | House |
| 0:07 | Build | House |
| 0:42 | Create | Villager (Male) |
| 0:44 | Create | Villager (Male) |
| 1:31 | Create | Villager (Male) |
| 2:07 | Create | Villager (Male) |
| 2:26 | Create | Villager (Male) |
Build order — JONAM
18 actions detected in the replay
| 0:03 | Create | Villager (Male) |
| 0:03 | Create | Villager (Male) |
| 0:06 | Build | House |
| 0:07 | Build | House |
| 0:09 | Build | House |
| 0:45 | Create | Villager (Male) |
| 0:45 | Create | Villager (Male) |
| 1:38 | Create | Villager (Male) |
| 1:57 | Create | Villager (Male) |
| 2:30 | Build | Lumber Camp |
| 2:33 | Create | Villager (Male) |
| 3:08 | Create | Villager (Male) |
| 3:24 | Create | Villager (Male) |
| 3:40 | Create | Villager (Male) |
| 3:59 | Create | Villager (Male) |
| 4:26 | Create | Villager (Male) |
| 5:02 | Create | Villager (Male) |
| 5:03 | Create | Villager (Male) |
Build order — raul_ruizv
15 actions detected in the replay
| 0:03 | Create | Villager (Male) |
| 0:05 | Build | House |
| 0:08 | Build | House |
| 0:39 | Create | Villager (Male) |
| 1:00 | Create | Villager (Male) |
| 1:20 | Create | Villager (Male) |
| 1:59 | Create | Villager (Male) |
| 2:14 | Build | Lumber Camp |
| 2:18 | Create | Villager (Male) |
| 2:57 | Create | Villager (Male) |
| 3:11 | Create | Villager (Male) |
| 3:42 | Create | Villager (Male) |
| 4:16 | Build | House |
| 4:33 | Create | Villager (Male) |
| 4:39 | Create | Villager (Male) |
Build order — Lethe
13 actions detected in the replay
| 0:03 | Research | Loom |
| 0:03 | Create | Villager (Male) |
| 0:03 | Create | Villager (Male) |
| 0:03 | Create | Villager (Male) |
| 0:04 | Create | Villager (Male) |
| 0:22 | Build | House |
| 0:23 | Build | House |
| 0:24 | Build | House |
| 1:44 | Build | House |
| 1:54 | Create | Villager (Male) |
| 2:13 | Build | Lumber Camp |
| 2:15 | Create | Villager (Male) |
| 2:36 | Create | Villager (Male) |
Build order — yasirurandeepa
25 actions detected in the replay
| 0:17 | Create | Villager (Male) |
| 0:17 | Create | Villager (Male) |
| 0:17 | Create | Villager (Male) |
| 0:18 | Create | Villager (Male) |
| 0:18 | Create | Villager (Male) |
| 0:46 | Build | House |
| 0:51 | Build | House |
| 0:53 | Build | House |
| 0:55 | Build | House |
| 2:01 | Create | Villager (Male) |
| 2:01 | Create | Villager (Male) |
| 2:01 | Create | Villager (Male) |
| 2:32 | Create | Villager (Male) |
| 2:32 | Create | Villager (Male) |
| 2:33 | Create | Villager (Male) |
| 3:16 | Build | Mill |
| 3:31 | Create | Villager (Male) |
| 3:31 | Create | Villager (Male) |
| 3:31 | Create | Villager (Male) |
| 3:32 | Create | Villager (Male) |
| 4:27 | Create | Villager (Male) |
| 4:27 | Create | Villager (Male) |
| 4:27 | Create | Villager (Male) |
| 4:27 | Create | Villager (Male) |
| 4:28 | Create | Villager (Male) |
Match timeline
| 2:36 | Paus · resign |
[ AI ANALYSIS · 1 CREDIT ]
What really happened in this match?
Wolo.gg analyzes every decision: build order, eco, micro, common mistakes by bracket. Personalized analysis on WhatsApp or Discord in 30 seconds.
Civ guide
Franks
Perfil
Jugador #5931665